 Dungeon Crawl Stone Soup version 0.26-a0-812-g31a745ddcd (webtiles) character file.

Game seed: 2077340054080740174

36 Dracia the Stinger (level 3, 0/24 HPs)
             Began as a Demonspawn Venom Mage on Dec 3, 2020.
             Succumbed to a kobold's poison
             ... on level 1 of the Dungeon.
             The game lasted 00:03:00 (741 turns).

Dracia the Stinger (Demonspawn Venom Mage)           Turns: 741, Time: 00:03:00

Health: 0/24       AC:  4    Str:  8    XL:     3   Next: 19%
Magic:  6/6        EV: 12    Int: 17    God:
Gold:   45         SH:  0    Dex: 13    Spells: 4/7 levels left

rFire    . . .     SeeInvis .   e - +2 dagger (elec)
rCold    . . .     Faith    .   (no shield)
rNeg     . . .     Spirit   .   a - +0 robe
rPois    .         Reflect  .   f - +2 hat
rElec    .         Harm     .   (no cloak)
rCorr    .         Rampage  .   (no gloves)
MR       .....                  (no boots)
Stlth    ++........             (no amulet)
HPRegen  0.08/turn              (no ring)
MPRegen  0.10/turn              (no ring)

@: mighty, lethally poisoned (0 -> -17)
A: talons 1, powered by pain 1
a: no special abilities


You were on level 1 of the Dungeon.
You visited 1 branch of the dungeon, and saw 1 of its levels.

You collected 45 gold pieces.


Innate Abilities, Weirdness & Mutations

You have sharp toenails.
You sometimes gain a little power by taking damage.


   Skills:
 - Level 1.7 Dodging
 - Level 1.7 Stealth
 + Level 2.5 Spellcasting
 + Level 1.7 Transmutations
 + Level 3.4 Poison Magic


You had 4 spell levels left.
You knew the following spells:

 Your Spells              Type           Power        Failure   Level
d - Poisonous Vapours     Pois/Air       #.....       14%         2
f - Sting                 Tmut/Pois      ##..         6%          1

Your spell library contained the following spells:

 Spells                   Type           Power        Failure   Level
 Ignite Poison            Fire/Tmut/Pois #.......     26%         3
 Mephitic Cloud           Conj/Pois/Air  #.......     34%         3
 Olgreb's Toxic Radiance  Pois           ##......     41%         4

Inventory:

Hand Weapons
 b - a +0 dagger
 e - a +2 dagger of electrocution (weapon)
Armour
 a - a +0 robe (worn)
 f - a +2 hat (worn)
Scrolls
 d - 2 scrolls of identify {unknown}
 g - a scroll of enchant weapon {unknown}
 h - a scroll of teleportation {unknown}

Dungeon Overview and Level Annotations

Branches:
Dungeon (1/15)

Altars:

.#.. ....
..........>.....
###
................ #
............... #
.............. #
#............
..#..#
#............
.....#
#............
...... #..(@.......
..#..# ##.((..##...
)..#.# ######((###
#...#####..()(((.#
#........######..##
#....##### #..##
##[...##
#####..######
##......#
##...........##
...#.####
##.............##


There were no monsters in sight!


Message History

* * * LOW HITPOINT WARNING * * *
You feel sick.
Items here: ) †††.
* * * LOW HITPOINT WARNING * * *
You feel sick.
The kobold throws a poisoned dart.
The poisoned dart barely misses you.
Items here: ( ) [ †††††.
* * * LOW HITPOINT WARNING * * *
You feel sick.
The kobold throws a poisoned dart.
The poisoned dart closely misses you.
You see here 2 poisoned darts.
* * * LOW HITPOINT WARNING * * *
You feel sick.
The kobold throws a poisoned dart.
The poisoned dart hits you!
You are more poisoned.
You see here a poisoned dart.
* * * LOW HITPOINT WARNING * * *
You feel sick. The kobold barely misses you.
You see here 2 poisoned darts.
You puncture the kobold!
You kill the kobold!
* * * LOW HITPOINT WARNING * * *
You feel sick.
* * * LOW HITPOINT WARNING * * *
You feel sick.
Things that are here:
8 poisoned darts; a +0 robe; a kobold corpse
There is a lethal amount of poison in your body!
There is a lethal amount of poison in your body!
There is a lethal amount of poison in your body!
You die...

Skill      XL: |  1 |
---------------+----+-----
Transmutations | 1 |  1.7
Dodging        | |  1.7
Stealth        | |  1.7
Spellcasting   | |  2.5
Poison Magic   | |  3.4

Action                   || total
-------------------------++-------
Melee: Dagger            ||    45
       Unarmed           ||     1
       Kick              ||     5
 Cast: Sting             ||     9
       Poisonous Vapours ||     1
  Use: Potion            ||     1
Armor: Robe              ||    15
Dodge: Dodged            ||    27

Levels and vault maps discovered:
D:1:      tarquinn_simple_flora_water_f, layout_rooms

Notes
Turn   | Place    | Note
-------+----------+-------------------------------------------
     0 | D:1      | Dracia the Demonspawn Venom Mage began the quest for the
                  | Orb.
     0 | D:1      | Reached XP level 1. HP: 13/13 MP: 3/3
    20 | D:1      | Reached skill level 1 in Transmutations
   155 | D:1      | Gained mutation: You have sharp toenails. [demonic
                  | ancestry]
   155 | D:1      | Reached XP level 2. HP: 14/19 MP: 5/5
   628 | D:1      | Gained mutation: You sometimes gain a little power by
                  | taking damage. [demonic ancestry]
   628 | D:1      | Reached XP level 3. HP: 20/24 MP: 6/6
   653 | D:1      | Learned a level 2 spell: Poisonous Vapours
   740 | D:1      | HP: 2/24 [poisoned by a kobold]
   741 | D:1      | Succumbed to a kobold's poison

Vanquished Creatures
  An ooze (D:1)
  A dart slug (D:1)
  A leopard gecko (D:1)
  6 goblins (D:1)
  3 hobgoblins (D:1)
  5 jackals (D:1)
  4 kobolds (D:1)
  A ball python (D:1)
  A bat (D:1)
  2 rats (D:1)
25 creatures vanquished.

Table legend: (Time is in decaauts)
 A = Elapsed time spent in this place.
 B = Non-inter-level travel time spent in this place.
 C = Inter-level travel time spent in this place.
 D = Time resting spent in this place.
 E = Time spent auto-exploring this place.
 F = Levels seen in this place.
 G = Mean time per level.
                   A        B        C        D        E       F      G
               +--------+--------+--------+--------+--------+-----+--------+
         Total |    740 |    740 |      0 |      0 |    533 |   1 |  740.0 |
       Dungeon |    740 |    740 |      0 |      0 |    533 |   1 |  740.0 |
               +--------+--------+--------+--------+--------+-----+--------+

Top non-repeatable levels by time:
     D:1: 740 daAuts

Table legend:
 A = Non-vault XP
 B = Vault XP
 C = Vault XP percentage of total XP
 D = Non-vault monster count
 E = Vault monster count
 F = Vault count percentage of total count
                 A         B        C        D         E       F
            +---------+---------+-------+---------+---------+-------
      Total |      52 |       0 |   0.0 |      25 |       0 |   0.0
            +---------+---------+-------+---------+---------+-------
        D:1 |      52 |       0 |   0.0 |      25 |       0 |   0.0
            +---------+---------+-------+---------+---------+-------
